 Dungeon Crawl Stone Soup version 0.16.1-4-g8e1b745 (webtiles) character file.

102 Ladykiller69 the Charmwright (level 4, 0/30 HPs)
             Began as a High Elf Skald on Mar 26, 2015.
             Slain by an adder (2 damage)
             ... on level 3 of the Dungeon.
             The game lasted 00:08:46 (1730 turns).

Ladykiller69 the Charmwright (High Elf Skald)       Turns: 1730, Time: 00:08:46

Health: 0/30       AC:  5    Str: 11    XL:     4   Next: 49%
Magic:  2/12       EV: 17    Int: 15    God:
Gold:   48         SH:  0    Dex: 21    Spells: 3 memorised, 4 levels left

rFire  . . .     SeeInvis .     a - +0 falchion
rCold  . . .     Clarity  .     b - +0 leather armour
rNeg   + . .     SustAb   .     (no shield)
rPois  .         Gourm    .     n - +0 helmet
rElec  .         Spirit   .     e - +0 cloak
rCorr  .         Warding  +     (no gloves)
rMut   .         Stasis   .     (no boots)
MR     .....                    i - amulet of warding
Stlth  +++.......               (no ring)
                                (no ring)

@: agile, about to teleport, infused, not resistant to hostile enchantments,
fairly stealthy
A: no striking features
a: no special abilities


You were on level 3 of the Dungeon.
You were not hungry.

You visited 1 branch of the dungeon, and saw 3 of its levels.

You collected 48 gold pieces.

Inventory:

Hand weapons
 a - a +0 falchion (weapon)
 l - a +2 whip of holy wrath
Armour
 b - a +0 leather armour (worn)
 e - a +0 cloak (worn)
 n - a +0 helmet (worn)
Jewellery
 f - an uncursed ring of fire {unknown}
 i - an amulet of warding (around neck)
Magical devices
 t - a wand of fire (7)
Scrolls
 g - 3 scrolls of teleportation
 k - a scroll of immolation {unknown}
 q - a scroll of identify {unknown}
Potions
 p - a potion of degeneration {unknown}
Books
 c - a book of Battle

   Spells                             Type                      Level
   a - Infusion                       Charms                       1
   b - Shroud of Golubria             Charms/Translocation         2
   c - Song of Slaying                Charms                       2
   d - Spectral Weapon                Hexes/Charms                 3
   e - Regeneration                   Charms/Necromancy            3
Comestibles
 d - 2 bread rations
 j - 4 fruits
 m - 2 beef jerkies
 r - a meat ration
 s - 6 chunks of flesh


   Skills:
 + Level 2.6 Fighting
 * Level 3.6 Long Blades
 - Level 1.0 Armour
 + Level 2.1 Dodging
 - Level 3.0 Spellcasting
 + Level 4.3 Charms


You had 4 spell levels left.
You knew the following spells:

 Your Spells              Type           Power        Failure   Level  Hunger
a - Infusion              Chrm           ###...       4%          1    #......
b - Song of Slaying       Chrm           ###.....     10%         2    ##.....
c - Shroud of Golubria    Chrm/Tloc      #.........   21%         2    ##.....


Dungeon Overview and Level Annotations

Branches:
Dungeon (3/15)

Altars:

Annotations:
D:3 Natasha


Message History

Natasha is moderately wounded.
Your shroud unravels.
The crimson imp disappears in a puff of smoke!
The adder barely misses you. The shadow imp puffs mist at you.
The shadow imp tries to attack you, but flinches away.
Natasha claws you but does no damage. The adder closely misses you.
You barely miss Natasha.
Natasha is moderately wounded.
The adder bites you but does no damage. The shadow imp gestures at you.
Pain shoots through your body!
* * * LOW HITPOINT WARNING * * *
Natasha claws you!
* * * LOW HITPOINT WARNING * * *
Read which item? (? for menu, Esc to quit)
As you read the scroll labeled CEEHIN LIJEN, it crumbles to dust.
You feel strangely unstable.
It was a scroll of teleportation.
The adder bites you.
You die...

#.......).#
##########.#######'#######
#..........#....(........#
#.######.###......)......#
#...># #...#......#......#
#.##.# #####......#......# #.#
# #...#..#..#...#
######.##.#######...#..#..#...#
...(...##..$..5h@S..#######...+
######.##########5..#!.#!.#...#
# ..[. #...#!.#..#...#
####..#..# #......#......#
.....# #.# #......#......
###.## #. #............ .....#
.. #......... ###.#. ###### #


You could see Natasha, an adder, a white imp and a shadow imp.

Vanquished Creatures
  An orc wizard (D:3)
  3 adders
  A worm (D:3)
  4 giant geckos
  2 orcs (D:3)
  5 giant cockroaches
  5 hobgoblins (D:1)
  7 kobolds
  4 bats
  A giant newt (D:1)
  2 goblins
  4 rats
39 creatures vanquished.

Notes
Turn   | Place    | Note
--------------------------------------------------------------
     0 | D:1      | Ladykiller69, the High Elf Skald, began the quest for the Orb.
     0 | D:1      | Reached XP level 1. HP: 14/14 MP: 4/4
   108 | D:1      | Reached skill level 1 in Armour
   184 | D:1      | Reached XP level 2. HP: 17/19 MP: 4/6
   558 | D:1      | Learned a level 2 spell: Song of Slaying
   561 | D:1      | Learned a level 2 spell: Shroud of Golubria
  1019 | D:2      | Reached skill level 4 in Charms
  1019 | D:2      | Reached XP level 3. HP: 18/25 MP: 8/8
  1642 | D:3      | Reached XP level 4. HP: 27/30 MP: 2/12
  1708 | D:3      | Noticed Natasha
  1730 | D:3      | Slain by an adder

Action                   |  1- 3 |  4- 6 || total
-------------------------+-------+-------++-------
Melee: Falchion          |   125 |    27 ||   152
 Cast: Infusion          |    14 |     2 ||    16
       Shroud of Golubri |     2 |     1 ||     3
  Use: Potion            |       |     2 ||     2
       Scroll            |       |     1 ||     1
  Eat: Chunk             |     3 |       ||     3
